 Dungeon Crawl Stone Soup version 0.18-b1-18-g7758cf2 (webtiles) character file.

52 Ijustatesigmund the Chucker (level 3, -3/36 HPs)
             Began as a Troll Hunter on May 2, 2016.
             Slain by an adder (4 damage)
             ... on level 2 of the Dungeon.
             The game lasted 00:10:48 (957 turns).

Ijustatesigmund the Chucker (Troll Hunter)           Turns: 957, Time: 00:10:49

Health: -3/36      AC:  5    Str: 20    XL:     3   Next: 60%
Magic:  2/2        EV: 10    Int:  7    God:
Gold:   90         SH:  0    Dex: 11    Spells: 0 memorised, 2 levels left

rFire  . . .     SeeInvis .     a - +0 short sword
rCold  . . .     Gourm    +     b - +0 robe
rNeg   . . .     Faith    .     (no shield)
rPois  .         Spirit   .     (helmet restricted)
rElec  .         Dismiss  .     (no cloak)
rCorr  .         Reflect  .     (gloves unavailable)
SustAt .         Harm     .     (boots unavailable)
MR     .....                    h - amulet of magic regeneration
Stlth  +.........               (no ring)
                                (no ring)

@: lethally poisoned (-3 -> -3), not resistant to hostile enchantments, very
unstealthy
A: unfitting armour, claws 3, fast metabolism 3, gourmand, regeneration 2,
shaggy fur 1, tough skin 2
a: no special abilities


You were on level 2 of the Dungeon.
You were very full.

You visited 1 branch of the dungeon, and saw 2 of its levels.

You collected 90 gold pieces.

Inventory:

Hand Weapons
 a - a +0 short sword (weapon)
Missiles
 c - 5 large rocks (quivered)
 d - 2 throwing nets
Armour
 b - a +0 robe (worn)
Jewellery
 h - an amulet of magic regeneration (around neck)
Potions
 e - a potion of invisibility
 g - 3 potions of heal wounds
 i - a potion of magic {unknown}
 j - a potion of degeneration {unknown}
 l - a potion of curing
Comestibles
 f - 2 bread rations


   Skills:
 + Level 2.5 Fighting
 - Level 3.6 Throwing
 - Level 1.5 Dodging
 - Level 0.4 Stealth
 * Level 2.2 Unarmed Combat


You had 2 spell levels left.
You didn't know any spells.

Dungeon Overview and Level Annotations

Branches:
Dungeon (2/15)

Altars:


Innate Abilities, Weirdness & Mutations

You are too large for most types of armour.
You have claws for hands.
Your metabolism is lightning-fast.
You like to eat raw meat.
You heal very quickly.
You are covered in fur (AC +1).
You have very tough skin (AC +2).


Message History

You are too injured to fight recklessly!
You are too injured to fight recklessly!
You are too injured to fight recklessly!
You are too injured to fight recklessly!
You are too injured to fight recklessly!
You are too injured to fight recklessly!
You are too injured to fight recklessly!
You are too injured to fight recklessly!
You puncture the worm!
The worm is heavily wounded.
The adder bites you.
* * * LOW HITPOINT WARNING * * *
You are poisoned.
The adder poisons you!
You hit the worm.
The worm is heavily wounded.
You feel sick. The adder barely misses you. The worm bites you.
* * * LOW HITPOINT WARNING * * *
The adder bites you.
You die...

#................ #.
###....รท...........
#...#.................#
#...............####...
#...###........#######.
# ##................
#.......###......#
#.......# #....###
#@###...# #....##.
#..Sw................
#.........#.......###
#...........##....# #
#........### #......#
#........# #....#.#
#........# #....#..
#........# ######## #


You could see a worm and an adder.

Vanquished Creatures
  2 adders (D:2)
  A worm (D:2)
  3 dart slugs (D:1)
  A giant gecko (D:2)
  4 bats
  A goblin (D:2)
  2 hobgoblins (D:1)
  4 jackals (D:1)
  2 kobolds (D:1)
  3 giant newts (D:1)
  2 rats (D:1)
25 creatures vanquished.

Notes
Turn   | Place    | Note
--------------------------------------------------------------
     0 | D:1      | Ijustatesigmund the Troll Hunter began the quest for the Orb.
     0 | D:1      | Reached XP level 1. HP: 19/19 MP: 0/0
   276 | D:1      | Reached XP level 2. HP: 28/28 MP: 1/1
   351 | D:1      | Reached skill level 1 in Unarmed Combat
   790 | D:2      | Reached XP level 3. HP: 24/36 MP: 2/2
   957 | D:2      | HP: 1/36 [worm (3)]
   957 | D:2      | Slain by an adder

Skill      XL: |  1  2  3 |
---------------+----------+-----
Fighting       | 2 |  2.5
Unarmed Combat | 1 2 |  2.2
Throwing       | |  3.6
Dodging        | |  1.5
Stealth        | |  0.4

Action                   || total
-------------------------++-------
Melee: Short sword       ||   142
       Punch             ||     2
  Use: Scroll            ||     7
  Eat: Chunk             ||    14
Armor: Robe              ||    79
Dodge: Dodged            ||    94
